 Dungeon Crawl Stone Soup version 0.23.2-1-ga50397a (webtiles) character file.

Game seed: 9343655333281509584

1299 dvd the Chopper (level 8, -3/61 HPs)
             Began as a Mummy Fighter on May 9, 2019.
             Was an Initiate of Gozag.
             Slain by Joseph
             ... wielding a +0 quarterstaff
              (13 damage)
             ... on level 7 of the Dungeon.
             The game lasted 00:12:54 (6763 turns).

dvd the Chopper (Mummy Fighter)                     Turns: 6763, Time: 00:12:55

Health: -3/61      AC:  9    Str: 20    XL:     8   Next: 31%
Magic:  8/8        EV:  9    Int:  8    God:    Gozag
Gold:   337        SH:  9    Dex: 12    Spells: 7/7 levels left

rFire    x . .     SeeInvis +   h - +0 hand axe (chop)
rCold    + . .     Gourm    .   c - +0 shield
rNeg     + + +     Faith    .   d - +0 ring mail
rPois    ∞         Spirit   .   p - +1 helmet
rElec    .         Reflect  .   (no cloak)
rCorr    .         Harm     .   e - +0 pair of gloves
MR       ++...                  (no boots)
Stlth    +.........             (no amulet)
HPRegen  0.20/turn              j - ring of see invisible
MPRegen  0.11/turn              s - ring of protection from magic

@: no status effects
A: no food or potions, fire vulnerability, cold resistance 1, negative energy
resistance 3, torment resistance, unbreathing
a: Potion Petition, Call Merchant, Bribe Branch, Renounce Religion


You were on level 7 of the Dungeon.
You worshipped Gozag.
Gozag was aware of your devotion.
You were not hungry.

You visited 2 branches of the dungeon, and saw 8 of its levels.

You collected 415 gold pieces.
You paid 78 gold pieces to Gozag.

Inventory:

Hand Weapons
 a - a +0 war axe
 h - a +0 hand axe of chopping (weapon)
Missiles
 g - 8 tomahawks (quivered)
Armour
 b - a +0 scale mail
 c - a +0 shield (worn)
 d - a +0 ring mail (worn)
 e - a +0 pair of gloves (worn)
 k - a +2 leather armour of magic resistance
 n - a +0 chain mail
 p - a +1 helmet (worn)
 r - a +3 ring mail
 t - a cursed +0 scale mail
Jewellery
 j - a ring of see invisible (left hand)
 s - a ring of protection from magic (right hand)
Wands
 l - a wand of polymorph (12)
 m - a wand of iceblast (8)
Scrolls
 f - 10 scrolls of identify
 i - 7 scrolls of teleportation
 o - 2 scrolls of immolation
 q - 2 scrolls of enchant weapon


   Skills:
 + Level 4.6 Fighting
 + Level 5.5 Axes
 + Level 0.4 Throwing
 + Level 4.0 Armour
 + Level 2.5 Dodging
 + Level 1.5 Stealth
 + Level 4.0 Shields


You had 7 spell levels left.
You didn't know any spells.
Your spell library was empty.

Dungeon Overview and Level Annotations

Branches:
Dungeon (7/15)             Temple (1/1) D:4

Altars:
Ashenzari
Cheibriados
Elyvilon
Fedhas
Gozag
Hepliaklqana
Kikubaaqudgha
Makhleb
Okawaru
Qazlal
Ru
Sif Muna
Trog
Uskayaw
Vehumet
Wu Jian
Xom
Yredelemnul
Zin
The Shining One

Shops:
D:6 :

Annotations:
D:7 Joseph


Innate Abilities, Weirdness & Mutations

You do not eat or drink.
Your flesh is vulnerable to fire.
You are immune to poison.
Your flesh is cold resistant. (rC+)
You are immune to negative energy. (rN+++)
You are immune to unholy pain and torment.
You can survive without breathing.


Message History

Joseph is heavily wounded.
Joseph hits you but does no damage.
You hit Joseph.
Joseph is heavily wounded.
Joseph hits you but does no damage.
Joseph says, "It's nothing personal, but I have to kill you."
Joseph hits you but does no damage.
You hit Joseph but do no damage.
Joseph is heavily wounded.
Joseph hits you but does no damage.
You slash Joseph!
Joseph is severely wounded.
You closely miss Joseph.
Joseph is severely wounded.
You block Joseph's attack. Joseph closely misses you.
You barely miss Joseph.
Joseph is severely wounded.
Joseph hits you with a +0 quarterstaff!
You die...
Your body crumbles into a pile of gold.

#########
@.......#####
###@#...#
#.@)#.#.#
#.###.#.#
#.#<..#.#
#.###.#.#
#...#.#.# $
###.###(#
#....(.#.#
#.).(....#
#.########


You could see Joseph.

Vanquished Creatures
  3 ogres
  A necrophage (D:6)
  A centaur (D:7)
  A bullfrog (D:6)
  2 scorpions
  2 howler monkeys
  3 crimson imps
  A centaur zombie (D:5)
  3 hounds
  3 orc wizards
  2 orc priests (D:4)
  An iguana (D:4)
  A worker ant (D:4)
  Robin (D:4)
  6 adders
  2 river rats (D:5)
  An ooze (D:2)
  5 worms
  6 leopard geckos
  18 orcs
  5 ball pythons
  7 bats
  8 giant cockroaches
  10 goblins
  9 hobgoblins
  10 kobolds
  5 quokkas
  10 frilled lizards
  9 rats
136 creatures vanquished.

Notes
Turn   | Place    | Note
-------+----------+-------------------------------------------
     0 | D:1      | dvd the Mummy Fighter began the quest for the Orb.
     0 | D:1      | Reached XP level 1. HP: 18/18 MP: 1/1
   147 | D:1      | Reached XP level 2. HP: 11/24 MP: 2/2
   594 | D:1      | Reached skill level 2 in Axes
  1063 | D:1      | Reached XP level 3. HP: 29/29 MP: 3/3
  1392 | D:2      | Found a shattered altar of Ashenzari.
  1563 | D:2      | Found a bloodstained altar of Trog.
  1627 | D:2      | Reached XP level 4. HP: 32/35 MP: 4/4
  2183 | D:3      | Found a stormy altar of Qazlal.
  2229 | D:3      | Reached skill level 3 in Axes
  2229 | D:3      | Reached XP level 5. HP: 38/41 MP: 5/5
  2294 | D:3      | Reached skill level 1 in Dodging
  2481 | D:3      | You fall through a shaft for 3 floors!
  2485 | D:6      | Found a glowing golden altar of the Shining One.
  2506 | D:5      | Entered Level 5 of the Dungeon
  2576 | D:5      | Reached XP level 6. HP: 32/47 MP: 6/6
  2679 | D:5      | Found a snail-covered altar of Cheibriados.
  2762 | D:5      | Reached skill level 4 in Axes
  2798 | D:5      | Found a glowing drain.
  2835 | D:5      | HP: 1/47 [river rat (3)]
  3244 | D:4      | Noticed Robin
  3251 | D:4      | Killed Robin
  3963 | D:4      | Found an iron altar of Okawaru.
  4084 | D:4      | Reached XP level 7. HP: 43/53 MP: 7/7
  4695 | D:4      | Found a staircase to the Ecumenical Temple.
  4704 | Temple   | Entered the Ecumenical Temple
  4745 | Temple   | Became a worshipper of Gozag Ym Sagoz the Greedy
  5327 | D:5      | Found a deep blue altar of Sif Muna.
  5328 | D:5      | Found a hazy altar of Hepliaklqana.
  5329 | D:5      | Found a hide-covered altar of Uskayaw.
  5630 | D:5      | Reached skill level 5 in Axes
  5956 | D:6      | Reached skill level 1 in Stealth
  6102 | D:6      | Reached XP level 8. HP: 45/61 MP: 8/8
  6360 | D:6      | Found Peceyrch's Book Shop.
  6725 | D:7      | Noticed Joseph
  6763 | D:7      | Slain by Joseph

Skill      XL: |  1  2  3  4  5  6  7  8 |
---------------+-------------------------+-----
Axes           | 2 3 4 5 |  5.5
Dodging        | 1 2 |  2.5
Armour         | 3 4 |  4.0
Shields        | 3 4 |  4.0
Fighting       | 4 |  4.6
Stealth        | 1 |  1.5
Throwing       | |  0.4

Action                   |  1- 3 |  4- 6 |  7- 9 || total
-------------------------+-------+-------+-------++-------
Melee: War axe           |   156 |   234 |       ||   390
       Hand axe          |       |       |   219 ||   219
Throw: Tomahawk          |     1 |       |     6 ||     7
Invok: Potion Petition   |       |       |     1 ||     1
  Use: Scroll            |       |     6 |     1 ||     7
 Stab: Invisible         |       |       |     7 ||     7
Armor: Ring mail         |    73 |    96 |    65 ||   234
       Scale mail        |     9 |       |       ||     9
Dodge: Dodged            |    59 |    86 |    60 ||   205
Block: Shield            |    79 |   126 |    79 ||   284
